 Dungeon Crawl Stone Soup version 0.31.0-9-g3a7656b989 (webtiles) character file.

Game seed: 8493556295271330093

561 qw the Skirmisher (level 7, -5/40 HPs)
             Began as a Deep Elf Hunter on Feb 2, 2024.
             Was a Follower of Okawaru.
             Shot with an arrow by a centaur (6 damage)
             ... on level 4 of the Dungeon.
             The game lasted 00:00:15 (3576 turns).

qw the Skirmisher (Deep Elf Hunter)                 Turns: 3576, Time: 00:00:15

Health: -5/40      AC:  6    Str: 10    XL:     7   Next: 9%
Magic:  10/10      EV: 11    Int: 14    God:    Okawaru [*.....]
Gold:   63         SH:  0    Dex: 18    Spells: 6/6 levels left

rFire   . . .        a - +0 shortbow
rCold   . . .        (shield currently unavailable)
rNeg    . . .        g - +0 ring mail
rPois   +            (no helmet)
rElec   .            (no cloak)
rCorr   .            b - +0 pair of gloves
SInv    .            (no boots)
Will    .....        (no amulet)
Stlth   +            c - ring of poison resistance
HPRegen 0.26/turn    (no ring)
MPRegen 0.12/turn

%: no passive effects
@: about to teleport
A: no striking features
a: Renounce Religion, Heroism


You were on level 4 of the Dungeon.
You worshipped Okawaru.
Okawaru was aware of your devotion.
You visited 1 branch of the dungeon, and saw 4 of its levels.

You collected 184 gold pieces.
You spent 121 gold pieces at shops.


   Skills:
 - Level 2.7 Fighting
 - Level 10.0 Ranged Weapons
 + Level 2.6 Dodging
 - Level 1.2 Stealth
 + Level 2.6 Invocations


You had 6 spell levels left.
You didn't know any spells.
Your spell library was empty.

Inventory:

Hand Weapons
 a - a +0 shortbow (weapon)
Armour
 b - a +0 pair of gloves (worn)
 g - a +0 ring mail (worn)
Jewellery
 c - a ring of poison resistance (left hand)
 i - a ring of poison resistance
Wands
 d - a wand of digging (7)
Scrolls
 f - a scroll of amnesia {unknown}
 h - a scroll of teleportation
Potions
 j - a potion of haste

Dungeon Overview and Level Annotations

Branches:
Dungeon (4/15)
 Temple: D:4-7

Altars:
Ashenzari
Okawaru
Ru
Sif Muna
The Shining One

Shops:
D:2 ?   D:4 (


Message History

The orc wizard casts a spell.
The orc wizard flickers and vanishes!
Deactivating autopickup; reactivate with Ctrl-A.
You shoot an arrow. Okawaru accepts your kill.
Reactivating autopickup.
You feel a bit more experienced.
An ogre comes into view. It is wielding a +0 giant club.
Your Ranged Weapons skill increases to level 10!
You have reached level 7!
You shoot an arrow. The arrow barely misses the orc.
The arrow barely misses the centaur.
The orc hits you with a +0 club.
A centaur comes into view.
Enter note:
Enter note:
3571 ||| RETREEEEATING.
The orc hits you with a +0 club.
You shoot an arrow. The arrow hits the orc.
You kill the orc!
Okawaru accepts your kill.
The orc wizard gestures at you while chanting.
The magic dart hits you!
You shoot an arrow. The arrow hits the orc wizard.
The orc wizard is severely wounded.
The orc wizard hits you with a +0 dagger.
You shoot an arrow. The arrow hits the orc wizard.
You kill the orc wizard!
Okawaru accepts your kill.
The centaur shoots an arrow.
The arrow hits you.
The centaur shoots an arrow.
The arrow hits you.
You shoot an arrow. The arrow hits the centaur.
The centaur is lightly wounded.
The centaur shoots an arrow.
The arrow hits you!
3576 ||| READING 2 scrolls of teleportation.
As you read the scroll of teleportation, it crumbles to dust.
You feel strangely unstable.
The centaur shoots an arrow.
The arrow hits you.
The centaur shoots an arrow.
The arrow hits you.
You die...

#####.#.#
.......>..
#####.#.#
#.####.#.#
#....(#?#
#...##.#..
#.#####.# #.#.##...
#.## #.# #.#.##..#
.#.## #.# #.#.##..#
###.###.###.#.##..#
####........#.##..#
.....##.........@.#
.\.#..#####.....).#
...##.# #.#.###c#
##.##.# #.#.# #oO.
#.#..# #.#.. ......
#...##
#............ #####
####.####.... .#
.... .c..#


You could see an ogre, a centaur and an orc.

Vanquished Creatures
  A black bear (D:4)
  A phantom (D:4)
  2 hounds
  A jelly (D:4)
  4 orc wizards
  6 gnolls
  6 adders
  A dart slug (D:4)
  2 ribbon worms
  6 orcs
  7 endoplasms
  7 giant cockroaches
  9 goblins
  5 hobgoblins
  3 jackals (D:1)
  9 kobolds
  3 quokkas
  9 ball pythons
  4 bats
  3 frilled lizards
  8 rats
97 creatures vanquished.

Notes
Turn   | Place    | Note
-------+----------+-------------------------------------------
     0 | D:1      | qw the Deep Elf Hunter began the quest for the Orb.
     0 | D:1      | Reached XP level 1. HP: 12/12 MP: 3/3
     0 | D:1      | 0 ||| qw: Version: 0.3-a-155-g5e7d8dd
     0 | D:1      | 0 ||| qw: Game counter: 1147
     0 | D:1      | 0 ||| qw: Melee chars always use a shield: true
     0 | D:1      | 0 ||| qw: God list: Okawaru
     0 | D:1      | 0 ||| qw: Allow faded altars: false
     0 | D:1      | 0 ||| qw: Do Orc after clearing Dungeon:15 true
     0 | D:1      | 0 ||| qw: Do second Lair branch before Depths: true
     0 | D:1      | 0 ||| qw: Lair rune preference: random
     0 | D:1      | 0 ||| qw: Goals: Normal
     0 | D:1      | 0 ||| PLANNING D:1-11
    66 | D:1      | 66 ||| DROPPING scroll of butterflies.
   443 | D:1      | Reached skill level 6 in Ranged Weapons
   443 | D:1      | Reached XP level 2. HP: 16/16 MP: 4/4
   448 | D:1      | 448 ||| RETREEEEATING.
   517 | D:1      | Reached XP level 3. HP: 18/20 MP: 5/5
   973 | D:1      | 973 ||| UPGRADING to +0 pair of gloves.
   978 | D:1      | 978 ||| UPGRADING to +0 ring mail.
   988 | D:1      | 988 ||| DROPPING +0 leather armour.
   989 | D:1      | 989 ||| DROPPING +2 leather armour of positive energy.
   990 | D:1      | 990 ||| READING scroll labelled CILORE SOARIMM.
   993 | D:1      | 993 ||| READING scroll labelled ROWACI CIR SEBUALE.
   993 | D:1      | 993 ||| IDENTIFYING metallic puce potion
   994 | D:1      | 994 ||| DRINKING 2 fuming red potions.
  1036 | D:1      | 1036 ||| DRINKING 2 pink potions.
  1037 | D:1      | 1037 ||| DRINKING 2 green potions.
  1038 | D:1      | 1038 ||| DROPPING potion of lignification.
  1039 | D:1      | 1039 ||| DROPPING potion of invisibility.
  1040 | D:1      | 1040 ||| DROPPING potion of degeneration.
  1124 | D:2      | Reached skill level 7 in Ranged Weapons
  1350 | D:2      | Reached XP level 4. HP: 19/25 MP: 6/6
  1427 | D:2      | Reached skill level 8 in Ranged Weapons
  1762 | D:2      | Found Ysicva Imekh's Magic Scroll Shop.
  1770 | D:2      | 1770 ||| BUYING scroll of identify (22 gold).
  1770 | D:2      | Bought a scroll of identify for 22 gold pieces
  1770 | D:2      | 1770 ||| BUYING scroll of teleportation (33 gold).
  1770 | D:2      | Bought a scroll of teleportation for 33 gold pieces
  1770 | D:2      | 1770 ||| BUYING scroll of teleportation (33 gold).
  1770 | D:2      | Bought a scroll of teleportation for 33 gold pieces
  1770 | D:2      | 1770 ||| BUYING scroll of teleportation (33 gold).
  1770 | D:2      | Bought a scroll of teleportation for 33 gold pieces
  1900 | D:2      | 1900 ||| READING 3 scrolls of identify.
  1900 | D:2      | 1900 ||| IDENTIFYING silvery potion
  1901 | D:2      | 1901 ||| READING 2 scrolls of identify.
  1901 | D:2      | 1901 ||| IDENTIFYING scroll labelled VUDEID KIAJIF
  1902 | D:2      | 1902 ||| READING scroll of identify.
  1902 | D:2      | 1902 ||| IDENTIFYING scroll labelled DAHEOKK UJEUM
  1903 | D:2      | 1903 ||| DROPPING scroll of poison.
  1904 | D:2      | 1904 ||| DROPPING scroll of torment.
  1905 | D:2      | 1905 ||| DROPPING potion of brilliance.
  2116 | D:3      | Found a sacrificial altar of Ru.
  2124 | D:3      | Found an iron altar of Okawaru.
  2125 | D:3      | 2125 ||| PLANNING OKAWARU WORSHIP
  2125 | D:3      | 2125 ||| UPGRADING to ring of poison resistance.
  2128 | D:3      | Found a shimmering blue altar of Sif Muna.
  2130 | D:3      | Became a worshipper of Warmaster Okawaru
  2131 | D:3      | 2131 ||| PLANNING D:1-11
  2131 | D:3      | Found a glowing golden altar of the Shining One.
  2137 | D:3      | Found a broken altar of Ashenzari.
  2405 | D:3      | 2405 ||| FLEEEEING.
  2406 | D:3      | 2406 ||| FLEEEEING.
  2407 | D:3      | 2407 ||| FLEEEEING.
  2417 | D:3      | Reached XP level 5. HP: 27/29 MP: 7/7
  2725 | D:3      | Reached skill level 9 in Ranged Weapons
  2985 | D:3      | Found a faded altar of an unknown god.
  2987 | D:3      | 2987 ||| READING scroll labelled APELLIACRO.
  2988 | D:3      | 2988 ||| READING scroll labelled ITUITHREDOG.
  2989 | D:3      | 2989 ||| DRINKING 2 glowing sapphire potions.
  2990 | D:3      | 2990 ||| DROPPING potion of attraction.
  3014 | D:4      | Noticed a phantom
  3015 | D:4      | 3015 ||| DRINKING 2 potions of haste.
  3026 | D:4      | Killed a phantom
  3027 | D:4      | Reached XP level 6. HP: 34/36 MP: 8/8
  3154 | D:4      | 3154 ||| DRINKING metallic silvery potion.
  3155 | D:4      | 3155 ||| DRINKING emerald potion.
  3166 | D:4      | Reached * piety under Okawaru
  3275 | D:4      | Found Kiul's Weapon Boutique.
  3318 | D:4      | 3318 ||| RETREEEEATING.
  3319 | D:4      | 3319 ||| RETREEEEATING.
  3322 | D:4      | 3322 ||| RETREEEEATING.
  3324 | D:4      | 3324 ||| RETREEEEATING.
  3328 | D:4      | HP: 8/36 [black bear (3)]
  3329 | D:4      | 3329 ||| READING 3 scrolls of teleportation.
  3332 | D:4      | Reached skill level 1 in Invocations
  3570 | D:4      | Reached skill level 10 in Ranged Weapons
  3570 | D:4      | Reached XP level 7. HP: 31/40 MP: 10/10
  3571 | D:4      | 3571 ||| RETREEEEATING.
  3575 | D:4      | HP: 5/40 [centaur/arrow (7)]
  3576 | D:4      | 3576 ||| READING 2 scrolls of teleportation.
  3576 | D:4      | HP: 1/40 [centaur/arrow (4)]
  3576 | D:4      | Shot with an arrow by a centaur

Levels and vault maps discovered:
D:1:      minmay_arrival_split_and_join, layout_basic, serial_park_tiny_2
D:2:      layout_basic, serial_shops, shop
D:3:      layout_loops_corners, nicolae_overflow_hallway_of_the_gods,
          shapermc_ecumenical_altar_hornbeckon, minmay_mini_jars
D:4:      layout_loops_ring, serial_shops, nicolae_shop_stone,
          serial_bayou_pond_d, grunt_tough_drop, uniq_edmund

Skill      XL: |  1  2  3  4  5  6 |
---------------+-------------------+-----
Ranged Weapons | 6 7 8 9 10 | 10.0
Fighting       | 2 |  2.7
Invocations    | 2 |  2.6
Dodging        | |  2.6
Stealth        | |  1.2

Action                     |  1- 3 |  4- 6 |  7- 9 || total
---------------------------+-------+-------+-------++-------
   Fire: Shortbow          |   132 |   231 |     5 ||   368
    Use: Potion            |     3 |     4 |       ||     7
         Scroll            |     2 |     6 |     1 ||     9
 Armour: Leather armour    |    16 |       |       ||    16
         Ring mail         |    12 |   124 |     9 ||   145
  Dodge: Dodged            |    35 |   106 |       ||   141

Table legend:
 A = Non-vault XP
 B = Vault XP
 C = Vault XP percentage of total XP
 D = Non-vault monster count
 E = Vault monster count
 F = Vault count percentage of total count
                 A         B        C        D         E       F
            +---------+---------+-------+---------+---------+-------
      Total |     746 |      56 |   7.0 |      87 |      10 |  10.3
            +---------+---------+-------+---------+---------+-------
        D:1 |      60 |       0 |   0.0 |      28 |       0 |   0.0
        D:2 |     116 |       0 |   0.0 |      23 |       0 |   0.0
        D:3 |      65 |      56 |  46.3 |      17 |      10 |  37.0
        D:4 |     505 |       0 |   0.0 |      19 |       0 |   0.0
            +---------+---------+-------+---------+---------+-------
